 Dungeon Crawl Stone Soup version 0.30-a0-578-gdee14c521f (webtiles) character file.

Game seed: 14147676605754021232

114 themarg the Magician (level 4, 0/34 HPs)
             Began as a Gnoll Wanderer on Dec 31, 2022.
             Slain by a gnoll
             ... wielding a +0 halberd
              (13 damage)
             ... on level 2 of the Dungeon.
             The game lasted 00:05:32 (1487 turns).

themarg the Magician (Gnoll Wanderer)               Turns: 1487, Time: 00:05:33

Health: 0/34       AC:  3    Str: 10    XL:     4   Next: 97%
Magic:  13/13      EV: 12    Int: 13    God:
Gold:   63         SH:  7    Dex: 13    Spells: 17/17 levels left

rFire   . . .      SeeInvis .    a - +0 short sword
rCold   . . .      Faith    .    e - +2 buckler
rNeg    . . .      Spirit   .    d - +0 robe
rPois   .          Reflect  .    (no helmet)
rElec   .          Harm     .    m - +0 cloak
rCorr   .          Rampage  .    (no gloves)
Will    .....                    (no boots)
Stlth   ++                       (no amulet)
HPRegen 0.25/turn                (no ring)
MPRegen 0.13/turn                (no ring)

@: no status effects
A: fangs 1, strong nose, distributed training
a: no special abilities


You were on level 2 of the Dungeon.
You visited 1 branch of the dungeon, and saw 2 of its levels.

You collected 63 gold pieces.

Inventory:

Hand Weapons
 a - a +0 short sword (weapon)
 b - a +0 sling
Missiles
 f - 19 stones
 i - a poisoned dart (quivered)
Armour
 d - a +0 robe (worn)
 e - a +2 buckler (worn)
 m - a +0 cloak (worn)
Magical Staves
 k - a staff of death
Scrolls
 g - a scroll of teleportation {unknown}
 h - 2 scrolls of identify {unknown}
 j - a scroll of acquirement {unknown}
 l - a scroll of fog {unknown}
 o - 3 scrolls of fear {unknown}
Potions
 c - a potion of haste


   Skills:
 + Level 2.9 Fighting
 + Level 1.3 Short Blades
 + Level 1.3 Long Blades
 + Level 1.3 Axes
 + Level 1.3 Maces & Flails
 + Level 1.3 Polearms
 + Level 1.3 Staves
 + Level 1.3 Ranged Weapons
 + Level 2.9 Throwing
 + Level 1.3 Armour
 + Level 2.9 Dodging
 + Level 1.3 Stealth
 + Level 4.7 Shields
 + Level 1.3 Unarmed Combat
 + Level 7.2 Spellcasting
 + Level 1.1 Conjurations
 + Level 1.1 Hexes
 + Level 1.1 Summonings
 + Level 1.1 Necromancy
 + Level 1.1 Translocations
 + Level 1.1 Transmutations
 + Level 1.1 Fire Magic
 + Level 1.1 Ice Magic
 + Level 2.3 Air Magic
 + Level 1.1 Earth Magic
 + Level 1.1 Poison Magic
 + Level 1.5 Invocations
 + Level 2.9 Evocations


You had 17 spell levels left.
You didn't know any spells.
Your spell library contained the following spells:

 Spells                   Type           Power      Damage    Failure   Level
 Kiss of Death            Conj/Necr      28%        2d7       12%         1
 Summon Small Mammal      Summ           28%        N/A       12%         1
 Poisonous Vapours        Pois/Air       18%        N/A       14%         2
 Cigotuvi's Dreadful Rot  Necr/Pois/Air  16%        N/A       16%         2
 Call Canine Familiar     Summ           7%         N/A       34%         3
 Confusing Touch          Hex            7%         N/A       34%         3
 Summon Guardian Golem    Hex/Summ       7%         N/A       34%         3
 Dispel Undead            Necr           7%         3d8       75%         4


Dungeon Overview and Level Annotations

Branches:
Dungeon (2/15)

Altars:
Sif Muna


Innate Abilities, Weirdness & Mutations

You have very sharp teeth.
Your uncanny sense of smell can sniff out nearby items.
Your experience applies equally to all skills.


Message History

The gnoll hits you from afar with a +0 halberd!
The gnoll attacks as you move away! The gnoll hits you with a +0 whip!
You barely miss the gnoll.
The gnoll is moderately wounded.
You block the gnoll's attack. The gnoll misses you.
You barely miss the gnoll.
The gnoll is moderately wounded.
The gnoll closely misses you. You block the gnoll's attack.
You hit the gnoll. You bite the gnoll.
The gnoll is moderately wounded.
You block the gnoll's attack.
The gnoll hits you from afar with a +0 halberd!
* * * LOW HITPOINT WARNING * * *
It was a potion of heal wounds.
You feel much better. The gnoll barely misses you. The gnoll misses you.
You hit the gnoll.
The gnoll is heavily wounded.
You block the gnoll's attack. x2
You hit the gnoll but do no damage. You bite the gnoll.
The gnoll is heavily wounded.
You block the gnoll's attack. x2
You hit the gnoll.
The gnoll is severely wounded.
The gnoll closely misses you.
The gnoll hits you from afar with a +0 halberd!
You barely miss the gnoll.
The gnoll is severely wounded.
You block the gnoll's attack.
The gnoll hits you from afar with a +0 halberd!
Throw: 2 darts (poison)
Press: ? - help, Q - select action, (/) - cycle Shift-Dir - straight line, f/p - gnoll
Aim: a gnoll, wielding a +0 halberd (heavily wounded, 63% to hit)
You throw a poisoned dart.
The poisoned dart closely misses the gnoll.
The poisoned dart barely misses the gnoll.
The poisoned dart hits the gnoll!
The gnoll is poisoned.
You block the gnoll's attack.
The gnoll hits you from afar with a +0 halberd!
You die...

...#.#.......#....#...#
#.#
##....................#
#.#
.....................##
#.#
###..............##..#
#####.# #
#............... ..#
#<....# ###...........#
..#########
...###.#####.# $..
........#. #.######.##
.#####..#. #.#..@ggg$#
....# ..#.##.#.####..#
..#.##..#............#
#...##..#....#.##....#
....##..#....#.# .#.#
#...##..#....#.##..#g#
#.#..#..#.##.......#..
###.....###...........
#......#.........##


You could see 3 gnolls.

Vanquished Creatures
  8 adders (D:2)
  2 dart slugs (D:1)
  4 ball pythons
  2 bats (D:1)
  An endoplasm (D:2)
  A giant cockroach (D:2)
  A hobgoblin (D:1)
  5 jackals (D:1)
  7 kobolds (D:1)
  2 quokkas (D:1)
  2 frilled lizards (D:1)
  3 goblins (D:1)
  A rat (D:1)
39 creatures vanquished.

Notes
Turn   | Place    | Note
-------+----------+-------------------------------------------
     0 | D:1      | themarg the Gnoll Wanderer began the quest for the Orb.
     0 | D:1      | themarg set off with the following items: a +0 dagger, a +0
                  | cloak, a potion of haste, a +0 robe, a +2 buckler; and the
                  | following spells available to memorise: Poisonous Vapours,
                  | Cigotuvi's Dreadful Rot.
     0 | D:1      | Reached XP level 1. HP: 17/17 MP: 8/8
    39 | D:1      | Reached XP level 2. HP: 14/23 MP: 10/10
   447 | D:1      | Reached XP level 3. HP: 26/28 MP: 11/11
   758 | D:1      | Reached skill level 1 in Invocations
  1005 | D:2      | Reached skill level 1 in Short Blades
  1005 | D:2      | Reached skill level 1 in Long Blades
  1005 | D:2      | Reached skill level 1 in Axes
  1005 | D:2      | Reached skill level 1 in Maces & Flails
  1005 | D:2      | Reached skill level 1 in Polearms
  1005 | D:2      | Reached skill level 1 in Staves
  1005 | D:2      | Reached skill level 1 in Ranged Weapons
  1005 | D:2      | Reached skill level 1 in Armour
  1005 | D:2      | Reached skill level 1 in Stealth
  1005 | D:2      | Reached skill level 1 in Unarmed Combat
  1039 | D:2      | Reached XP level 4. HP: 19/34 MP: 13/13
  1191 | D:2      | Found a shimmering blue altar of Sif Muna.
  1238 | D:2      | Reached skill level 1 in Conjurations
  1238 | D:2      | Reached skill level 1 in Hexes
  1238 | D:2      | Reached skill level 1 in Summonings
  1238 | D:2      | Reached skill level 1 in Necromancy
  1238 | D:2      | Reached skill level 1 in Translocations
  1238 | D:2      | Reached skill level 1 in Transmutations
  1238 | D:2      | Reached skill level 1 in Fire Magic
  1238 | D:2      | Reached skill level 1 in Ice Magic
  1238 | D:2      | Reached skill level 1 in Earth Magic
  1238 | D:2      | Reached skill level 1 in Poison Magic
  1487 | D:2      | Slain by a gnoll

Illustrated notes

Levels and vault maps discovered:
D:1:      dpeg_arrival_windows_large_door, layout_basic, grunt_decor_fettered
D:2:      layout_basic, basic_altar, shapermc_ecumenical_altar_hornbeckon

Skill      XL: |  1  2  3  4 |
---------------+-------------+-----
Air Magic      | 2 |  2.3
Invocations    | 1 |  1.5
Short Blades   | 1 |  1.3
Long Blades    | 1 |  1.3
Axes           | 1 |  1.3
Maces & Flails | 1 |  1.3
Polearms       | 1 |  1.3
Staves         | 1 |  1.3
Ranged Weapons | 1 |  1.3
Armour         | 1 |  1.3
Stealth        | 1 |  1.3
Unarmed Combat | 1 |  1.3
Conjurations   | 1 |  1.1
Hexes          | 1 |  1.1
Summonings     | 1 |  1.1
Necromancy     | 1 |  1.1
Translocations | 1 |  1.1
Transmutations | 1 |  1.1
Fire Magic     | 1 |  1.1
Ice Magic      | 1 |  1.1
Earth Magic    | 1 |  1.1
Poison Magic   | 1 |  1.1
Fighting       | |  2.9
Throwing       | |  2.9
Dodging        | |  2.9
Shields        | |  4.7
Spellcasting   | |  7.2
Evocations     | |  2.9

Action                   |  1- 3 |  4- 6 || total
-------------------------+-------+-------++-------
Melee: Dagger            |   165 |       ||   165
       Bite              |    16 |     5 ||    21
       Short sword       |     7 |    68 ||    75
 Fire: Sling             |    26 |    16 ||    42
Throw: Dart              |       |     1 ||     1
  Use: Potion            |       |     1 ||     1
Armor: Robe              |    48 |     6 ||    54
Dodge: Dodged            |    78 |    34 ||   112
Block: Buckler           |    66 |    36 ||   102

Table legend: (Time is in decaauts)
 A = Elapsed time spent in this place.
 B = Non-inter-level travel time spent in this place.
 C = Inter-level travel time spent in this place.
 D = Time resting spent in this place.
 E = Time spent auto-exploring this place.
 F = Levels seen in this place.
 G = Mean time per level.
                   A        B        C        D        E       F      G
               +--------+--------+--------+--------+--------+-----+--------+
         Total |   1496 |   1496 |      0 |    136 |    885 |   2 |  748.0 |
       Dungeon |   1496 |   1496 |      0 |    136 |    885 |   2 |  748.0 |
               +--------+--------+--------+--------+--------+-----+--------+

Top non-repeatable levels by time:
     D:1: 975 daAuts
     D:2: 521 daAuts
